 Dungeon Crawl Stone Soup version 0.27-a0-1196-g3e9cee4cb2 (webtiles) character file.

Game seed: 805990707728203585

17099 Froggeryz the Spry (level 12, -9/44 HPs)
             Began as a Felid Conjurer on May 27, 2021.
             Was a High Priest of Vehumet.
             Mangled by an elephant (13 damage)
             ... on level 4 of the Lair of Beasts.
             The game lasted 00:42:10 (24367 turns).

Froggeryz the Spry (Felid Conjurer)                Turns: 24367, Time: 00:42:10

Health: -9/44      AC:  3    Str:  5    XL:     12   Next: 15%
Magic:  15/17      EV: 28    Int: 27    God:    Vehumet [*****.]
Gold:   827        SH:  5    Dex: 16    Spells: 2/17 levels left
                                        Lives:  0   Deaths: 2

rFire    . . .     SeeInvis +   (weapon unavailable)
rCold    + + .     Faith    .   (shield unavailable)
rNeg     . . .     Spirit   .   (armour unavailable)
rPois    .         Reflect  +   (helmet unavailable)
rElec    .         Harm     .   (cloak unavailable)
rCorr    .         Rampage  .   (gloves unavailable)
Will     +....                  (boots unavailable)
Stlth    ++........             j - amulet of reflection
HPRegen  0.14/turn              n - +6 ring of intelligence
MPRegen  0.15/turn              F - ring of protection from cold

@: about to teleport, quick
A: very small, claws 1, fangs 3, see invisible, speed 1, shaggy fur 3, stealthy
paws, no weapons or thrown items, no armour, multi-lived
a: Renounce Religion


You were on level 4 of the Lair of Beasts.
You worshipped Vehumet.
Vehumet was extremely pleased with you.
You visited 2 branches of the dungeon, and saw 16 of its levels.
You also visited: Ossuary and Ice Cave.

You collected 1017 gold pieces.
You spent 190 gold pieces at shops.

Inventory:

Jewellery
 i - a ring of positive energy
 j - an amulet of reflection (around neck)
 n - a +6 ring of intelligence (left paw)
 F - a ring of protection from cold (right paw)
 K - a ring of flight
Wands
 l - a wand of iceblast (13)
 m - a wand of flame (64)
 p - a wand of paralysis (15)
 C - a wand of mindburst (11)
 E - a wand of acid (24)
Scrolls
 a - a scroll of holy word {unknown}
 b - 3 scrolls of enchant weapon {unknown}
 d - 4 scrolls of teleportation
 f - 3 scrolls of blinking
 g - 2 scrolls of magic mapping {unknown}
 q - 2 scrolls of fog
 s - 4 scrolls of amnesia
 x - a scroll of summoning {unknown}
 y - 7 scrolls of identify
 B - 2 scrolls of torment {unknown}
 D - 3 scrolls of immolation {unknown}
 I - a scroll of fear
Potions
 c - 4 potions of might {unknown}
 e - 3 potions of brilliance {unknown}
 h - 3 potions of cancellation {unknown}
 k - 2 potions of heal wounds
 o - 4 potions of curing {unknown}
 r - 4 potions of haste {unknown}
 t - 8 potions of lignification
 u - 5 potions of flight {unknown}
 v - 3 potions of degeneration {unknown}
 w - 2 potions of berserk rage {unknown}
 z - 3 potions of mutation {unknown}
 G - 2 potions of ambrosia {unknown}
 H - a potion of magic {unknown}
 J - 2 potions of resistance


   Skills:
 + Level 16.7 Dodging
 - Level 2.6 Stealth
 - Level 3.1 Spellcasting
 * Level 16.6 Conjurations


You had 2 spell levels left.
You knew the following spells:

 Your Spells              Type           Power      Damage    Failure   Level
a - Magic Dart            Conj           100%       1d8       0%          1
b - Searing Ray           Conj           100%       3d7       0%          2
c - Iskenderun's Battles  Conj           76%        2d12      1%          5
d - Orb of Destruction    Conj           38%        9d13      2%          7

Your spell library contained the following spells:

 Spells                   Type           Power      Damage    Failure   Level
 Conjure Ball Lightning   Conj/Air       24%        3x3d7     12%         6
 Poisonous Vapours        Pois/Air       8%         N/A       3%          2
 Corona                   Hex            4%         N/A       9%          1
 Sting                    Tmut/Pois      16%        1d3       9%          1
 Blink                    Tloc           N/A        N/A       13%         2
 Call Imp                 Summ           4%         N/A       13%         2
 Ensorcelled Hibernation  Hex/Ice        8%         N/A       13%         2
 Slow                     Hex            4%         N/A       13%         2
 Conjure Flame            Conj/Fire      49%        6-21      1%          3
 Dazzling Flash           Conj/Hex       98%        N/A       1%          3
 Mephitic Cloud           Conj/Pois/Air  34%        N/A       1%          3
 Fulminant Prism          Conj/Hex       24%        3d13      1%          4
 Iskenderun's Mystic Bla  Conj/Tloc      49%        2d11      1%          4
 Ignite Poison            Fire/Tmut/Pois 4%         N/A       7%          3
 Bolt of Magma            Conj/Fire/Erth 17%        4d9       7%          5
 Iron Shot                Conj/Erth      24%        9d5       12%         6
 Olgreb's Toxic Radiance  Pois           4%         N/A       22%         4
 Confusing Touch          Hex            4%         N/A       26%         3
 Tukima's Dance           Hex            4%         N/A       26%         3
 Spellforged Servitor     Conj/Summ      24%        N/A       50%         7


Dungeon Overview and Level Annotations

Branches:
Dungeon (12/15)            Temple (0/1) D:7            Lair (4/6) D:10
 Shoals (0/4) Lair:4       Spider (0/4) Lair:2      Ossuary (visited)
  IceCv (visited)
    Orc: D:9-12

Altars:
Gozag
Makhleb
Okawaru
Uskayaw
Vehumet
Wu Jian
Yredelemnul

Shops:
D:3 [!?:   D:6 *   D:9 **   D:11 =

Annotations:
D:4 2 transporters, MeekVeins's ghost, amateur PaFi
D:9 3 runed translucent doors, exclusion: obsidian statue, anet's ghost, novice DECj


Innate Abilities, Weirdness & Mutations

You have sharp claws.
You have razor-sharp teeth.
You have supernaturally acute eyesight. (SInv)
You cover ground quickly. (Speed+)
Your thick and shaggy fur keeps you warm. (AC +3, rC+)
Your paws help you pounce on unaware monsters.
You are incapable of wielding weapons or throwing items.
You cannot wear armour.
You gain extra lives every three experience levels.


Message History

The rime drake breathes ice at you. The flash freeze hits you!
You partially resist.
* * * LOW HITPOINT WARNING * * *
You are encased in ice.
The searing ray hits the rime drake!
The rime drake is heavily wounded.
The searing ray hits the elephant!
The elephant is lightly wounded.
The searing ray misses the merfolk.
The rime drake completely misses you.
You feel much better. The rime drake completely misses you.
The elephant tramples you.
You hold your ground!
The elephant closely misses you. The rime drake completely misses you.
The ice encasing you melts away. The rime drake breathes ice at you.
The flash freeze hits you! You partially resist.
You are encased in ice.
A komodo dragon comes into view.
The merfolk throws a boomerang.
You reflect the boomerang off an invisible shield around you!
The boomerang hits the merfolk!
The ice encasing you melts away.
You see here 7 gold pieces.
The komodo dragon hisses angrily.
As you read the scroll of teleportation, it crumbles to dust.
You feel strangely unstable.
The rime drake bites you but does no damage.
Okay, then.
Okay, then.
Casting: Searing Ray (safe; 0% risk of failure)
Confirm with . or Enter, or press ? or * to list all spells.
Aiming: Magic Dart (safe; 0% risk of failure)
Press: ? - help, Shift-Dir - straight line, f/p - rime drake
Aim: a rime drake (heavily wounded, 100% to hit)
The magic dart hits the rime drake.
The rime drake is heavily wounded.
The rime drake barely misses you.
The merfolk hits you from afar with a +1 vampiric trident!!
* * * LOW HITPOINT WARNING * * *
The elephant tramples you!
You die...

P.PP.P.## ###...###.....
.P...PPP####P#####.......
.P.PPPPP##...............
PP....PP#Y...............
PP..P.PP.##..............
P..PPPPP.$..........?...P
PPPPPPPP.#...P.P.....####
P..PP#k#Ym..P.P....##


PP.P ##@##..P.P...... ## #.l##.##P.P...... #.## ## .P.P...... .. P.P.... ## .P..
You could see an elephant, a merfolk, a komodo dragon and a rime drake.

Vanquished Creatures
  Harold (D:7)
  A hydra (Lair:3)
  A boulder beetle (D:12)
  8 two-headed ogres
  A death yak (Lair:3)
  An orb spider (Lair:2)
  2 ugly things
  A manticore (D:7)
  12 elephants
  2 oklob plants (Lair:2)
  Joseph (Lair:1)
  3 black mambas
  3 cane toads
  A rime drake (Lair:1)
  5 komodo dragons
  4 trolls
  A polar bear (Lair:3)
  5 blink frogs
  A shadow (D:9)
  4 wyverns
  A basilisk (Lair:1)
  27 yaks
  Grum (Lair:1)
  A steam dragon (D:8)
  7 vampire mosquitoes
  Menkaure (Ossuary)
  6 water moccasins
  3 acid dragons
  Duvessa (D:7)
  5 orc warriors
  A hornet zombie (D:6)
  4 black bears
  2 ice beasts (D:7)
  A sky beast (D:8)
  5 ogres
  4 necrophages
  18 wolves
  7 centaurs
  A phantom (D:7)
  8 bullfrogs
  A kobold brigand (D:8)
  4 gnoll sergeants
  2 scorpions
  A water moccasin zombie (D:5)
  Dowan (D:7)
  10 killer bees
  4 wights
  5 electric eels
  5 howler monkeys
  A bullfrog zombie (D:5)
  5 centaur zombies
  Crazy Yiuf (D:3)
  A centaur skeleton (D:6)
  2 gnoll shamans
  4 orc priests
  A bullfrog skeleton (D:6)
  12 hounds
  2 jellies (D:5)
  8 iguanas
  5 orc wizards
  A hell rat (Lair:3)
  2 hound skeletons
  2 howler monkey zombies (D:9)
  3 mummies (Ossuary)
  15 gnolls
  A howler monkey skeleton (D:5)
  5 adders
  15 white imps
  7 ufetubi
  4 dart slugs
  23 orcs
  3 endoplasms
  6 giant cockroaches
  10 goblins
  2 hobgoblins
  3 jackals
  14 kobolds
  7 quokkas
  9 ball pythons
  4 bats
  6 frilled lizards
  4 gnoll skeletons (Ossuary)
  7 gnoll zombies (Ossuary)
  3 goblin skeletons (Ossuary)
  2 goblin zombies (Ossuary)
  A hobgoblin skeleton (Ossuary)
  3 hobgoblin zombies (Ossuary)
  6 kobold skeletons (Ossuary)
  4 kobold zombies (Ossuary)
  3 orc skeletons (Ossuary)
  2 orc zombies (Ossuary)
  4 rats
  7 rat skeletons (Ossuary)
  4 rat zombies (Ossuary)
429 creatures vanquished.

Vanquished Creatures (others)
  3 white imps (IceCv)
  4 ufetubi (IceCv)
  A gnoll zombie (Ossuary)
  A kobold skeleton (Ossuary)
  A kobold zombie (Ossuary)
  A rat zombie (Ossuary)
  6 bushes (Lair:4)
  5 fungi
  56 plants
78 creatures vanquished.

Grand Total: 507 creatures vanquished

Notes
Turn   | Place    | Note
-------+----------+-------------------------------------------
     0 | D:1      | Froggeryz the Felid Conjurer began the quest for the Orb.
     0 | D:1      | Reached XP level 1. HP: 7/7 MP: 4/4
   197 | D:1      | Reached XP level 2. HP: 11/11 MP: 0/6
   948 | D:1      | Found a faded altar of an unknown god.
  1312 | D:2      | Reached XP level 3. HP: 14/14 MP: 4/7
  2146 | D:3      | Found Fateschi's Book Boutique.
  2328 | D:3      | Found Toerchafu's Distillery.
  2336 | D:3      | Bought a potion of heal wounds for 65 gold pieces
  2416 | D:3      | Found a radiant altar of Vehumet.
  2426 | D:3      | Reached XP level 4. HP: 18/18 MP: 1/8
  2434 | D:3      | Became a worshipper of Vehumet
  2539 | D:3      | Found Daodaxt's Magic Scroll Emporium.
  2761 | D:3      | Found a runed translucent door.
  2762 | D:3      | Noticed Crazy Yiuf
  2983 | D:3      | Found Ceiv's Armour Boutique.
  3128 | D:3      | Reached skill level 5 in Conjurations
  3244 | D:3      | Found a burning altar of Makhleb.
  3601 | D:3      | Killed Crazy Yiuf
  3602 | D:3      | Reached XP level 5. HP: 21/21 MP: 5/9
  3609 | D:3      | Learned a level 2 spell: Searing Ray
  3620 | D:3      | Bought a scroll of fear for 35 gold pieces
  3766 | D:4      | Noticed an ogre
  3787 | D:4      | Killed an ogre
  3788 | D:4      | Reached skill level 5 in Dodging
  3788 | D:4      | Gained mutation: You are covered in thick fur. (AC +2)
                  | [Felid growth]
  3788 | D:4      | Reached XP level 6. HP: 24/24 MP: 4/10
  3924 | D:4      | Reached * piety under Vehumet
  3924 | D:4      | Offered knowledge of Freeze by Vehumet.
  4338 | D:4      | Reached XP level 7. HP: 18/27 MP: 5/11
  4619 | D:4      | Identified the +6 scale mail of the Minstrel {-Tele rPois
                  | rF+++ Slay-4}
  4739 | D:4      | Noticed MeekVeins's ghost (amateur PaFi)
  4745 | D:4      | Found a transporter.
  4991 | D:4      | Found a transporter.
  5246 | D:5      | Entered Level 5 of the Dungeon
  5569 | D:5      | Reached XP level 8. HP: 26/31 MP: 5/12
  5687 | D:5      | Learned a level 5 spell: Iskenderun's Battlesphere
  5745 | D:5      | Found a hide-covered altar of Uskayaw.
  6157 | D:5      | Reached ** piety under Vehumet
  6231 | D:5      | Offered knowledge of Foxfire by Vehumet.
  6548 | D:5      | Reached XP level 9. HP: 34/34 MP: 5/13
  6992 | D:6      | Found a sand-covered staircase.
  7001 | Ossuary  | Entered an ossuary
  7111 | Ossuary  | Offered knowledge of Mephitic Cloud by Vehumet.
  7632 | Ossuary  | Reached *** piety under Vehumet
  7832 | Ossuary  | Offered knowledge of Stone Arrow by Vehumet.
  8138 | Ossuary  | Noticed Menkaure
  8162 | Ossuary  | Killed Menkaure
  8163 | Ossuary  | Reached skill level 10 in Conjurations
  8403 | D:6      | Found an opulent altar of Gozag.
  8411 | D:6      | Found Gozag's Platinum Reserve.
  8577 | D:6      | Reached skill level 10 in Dodging
  8697 | D:6      | Reached **** piety under Vehumet
  8904 | D:6      | Found a basalt altar of Yredelemnul.
  8904 | D:6      | Found an iron altar of Okawaru.
  9230 | D:6      | Offered knowledge of Inner Flame by Vehumet.
  9955 | D:7      | Noticed Dowan
  9956 | D:7      | Noticed a manticore
  9987 | D:7      | Noticed Duvessa
  9990 | D:7      | Noticed Harold
  9994 | D:7      | Killed Dowan
  9996 | D:7      | Killed a manticore
  9997 | D:7      | Reached XP level 10. HP: 26/37 MP: 2/14
 10815 | D:7      | Killed Harold
 10871 | D:7      | Killed Duvessa
 11094 | D:7      | Found a staircase to the Ecumenical Temple.
 11753 | D:8      | Reached ***** piety under Vehumet
 12381 | D:8      | Found an ornate altar of the Wu Jian Council.
 12633 | D:9      | Noticed a two-headed ogre
 12642 | D:9      | Killed a two-headed ogre
 12821 | D:9      | Noticed a two-headed ogre
 12837 | D:9      | Killed a two-headed ogre
 12838 | D:9      | Reached XP level 11. HP: 40/40 MP: 8/15
 12998 | D:9      | Noticed a two-headed ogre
 13005 | D:9      | Killed a two-headed ogre
 13229 | D:9      | Found Ygria's General Store.
 13232 | D:9      | Bought a scroll of teleportation for 30 gold pieces
 13232 | D:9      | Bought a potion of attraction for 30 gold pieces
 13233 | D:9      | Bought a potion of lignification for 30 gold pieces
 13364 | D:9      | Noticed a boulder beetle
 13371 | D:9      | Offered knowledge of Yara's Violent Unravelling by Vehumet.
 13976 | D:9      | Found a runed translucent gate.
 13976 | D:9      | Found a runed translucent gate.
 13976 | D:9      | Found a runed translucent gate.
 13993 | D:9      | Found an opulent altar of Gozag.
 14000 | D:9      | Noticed an ettin
 14162 | D:9      | Noticed an obsidian statue
 14165 | D:9      | Found Voac Ape's Assorted Antiques.
 14165 | D:9      | Noticed anet's ghost (novice DECj)
 14699 | D:10     | Entered Level 10 of the Dungeon
 15116 | D:10     | Learned a level 7 spell: Orb of Destruction
 15356 | D:10     | Found a staircase to the Lair.
 15716 | D:10     | Noticed a cyan ugly thing
 15725 | D:10     | Killed a cyan ugly thing
 16272 | D:11     | Noticed a two-headed ogre
 16277 | D:11     | Killed a two-headed ogre
 16342 | D:11     | Found Tiniroekia's Jewellery Shop.
 16365 | D:11     | Noticed a two-headed ogre
 16376 | D:11     | Noticed a purple ugly thing
 16417 | D:11     | Killed a two-headed ogre
 16418 | D:11     | Killed a purple ugly thing
 16507 | D:11     | Noticed a two-headed ogre
 16513 | D:11     | Killed a two-headed ogre
 16522 | D:11     | Gained mutation: Your thick and shaggy fur keeps you warm.
                  | (AC +3, rC+) [Felid growth]
 16522 | D:11     | Reached XP level 12. HP: 44/44 MP: 9/17
 16608 | D:11     | Noticed a two-headed ogre
 16616 | D:11     | Killed a two-headed ogre
 16713 | D:11     | Noticed a two-headed ogre
 16720 | D:11     | Killed a two-headed ogre
 17547 | D:12     | Found a frozen archway.
 17619 | D:12     | Noticed a boulder beetle
 17621 | IceCv    | Entered an ice cave
 18294 | D:12     | Demolished by a boulder beetle
 18295 | D:12     | Reached XP level 11. HP: -14/40 MP: 3/16
 18313 | D:12     | Killed a boulder beetle
 18314 | D:12     | Reached skill level 15 in Dodging
 18314 | D:12     | Reached skill level 15 in Conjurations
 18437 | Lair:1   | Entered Level 1 of the Lair of Beasts
 19115 | Lair:1   | Noticed Grum
 19140 | Lair:1   | Killed Grum
 19589 | Lair:1   | Reached XP level 12. HP: 44/44 MP: 9/17
 20188 | Lair:1   | Noticed Joseph
 20225 | Lair:1   | Killed Joseph
 20984 | Lair:2   | Offered knowledge of Conjure Ball Lightning by Vehumet.
 22186 | Lair:2   | Found a hole to the Spider Nest.
 22409 | Lair:2   | Mangled by a black mamba
 22410 | Lair:2   | Reached XP level 11. HP: -11/40 MP: 0/16
 22772 | Lair:3   | Noticed a death yak
 22915 | Lair:3   | Killed a death yak
 23704 | Lair:3   | Reached XP level 12. HP: 44/44 MP: 10/17
 23846 | Lair:3   | Noticed a seven-headed hydra
 23855 | Lair:3   | Killed a seven-headed hydra
 24211 | Lair:4   | Noticed a death yak
 24229 | Lair:4   | Noticed a death yak
 24341 | Lair:4   | Found a staircase to the Shoals.
 24367 | Lair:4   | Mangled by an elephant

Illustrated notes

Levels and vault maps discovered:
D:1:      minmay_arrival_arboretum_small, layout_basic,
          shapermc_ecumenical_altar_venn
D:2:      layout_basic
D:3:      layout_loops_ring, general_overflow_altar, vehumet_altar_wand_db,
          serial_shops, nicolae_shop_trees, shop, shop, shop,
          uniq_crazy_yiuf_cottage
D:4:      layout_basic, gammafunk_ghost_stat_death,
          minmay_fractal_squares_diagonal_5
D:5:      cheibrodos_barr_body, layout_cave_pools,
          nicolae_overflow_crystal_walls, serial_gnoll_camp,
          gnoll_camp_mini_hut, gnoll_camp_mini_house, gnoll_camp_mini_hut,
          gnoll_camp_mini_hut, st_stairs_9
D:6:      layout_loops_ring, nicolae_gozag_zags_fifth_avenue,
          jmf_multi_god_temple, nicolae_ossuary_entry_plus
D:7:      layout_basic, minmay_temple_entry_overgrown, kennysheep_doodads,
          uniq_duvessa, uniq_harold
D:8:      layout_loops_corners, kennysheep_mini_moat
D:9:      minmay_skewed_foursquare, layout_basic, ebering_ghost_gozag,
          serial_shops, kennysheep_mini, minmay_fractal_squares_5
D:10:     layout_basic, erik_lair_island
D:11:     layout_roguey, serial_shops, shop
D:12:     layout_basic, minmay_orc_entry_temple_small,
          portal_ice_cave_entry_imps, serial_shops, shop_coins
Lair:1:   layout_gridlike, uniq_grum, uniq_joseph
Lair:2:   layout_chaotic_city, nicolae_spider_entry_orb_guardian,
          chequers_serial_rivers_micro_d, minmay_lair_oklob_chamber,
          grunt_megastairs_3, lemuel_fruit_tree, infiniplex_staircase_pool,
          serial_bayou_shore_a
Lair:3:   layout_gridlike, nzn_random_ring, infiniplex_staircase_pool_2
Lair:4:   layout_cave_pods, elwin_shoals_entry_stream, serial_forest,
          infiniplex_forest_clump_small, infiniplex_forest_corner_2,
          infiniplex_forest_lined_2, infiniplex_forest_end_1,
          infiniplex_forest_straight_3, infiniplex_forest_clump_curved,
          infiniplex_forest_fountain, infiniplex_forest_clump_curved,
          infiniplex_forest_3_way, serial_bayou_shore_b

Skill      XL: |  1  2  3  4  5  6  7  8  9 10 11 12 |
---------------+-------------------------------------+-----
Dodging        | 3 4 5 6 7 9 11 12 15 16 | 16.7
Conjurations   | 4 5 6 7 9 11 12 15 16 | 16.6
Spellcasting   | 3 |  3.1
Stealth        | |  2.6

Action                   |  1- 3 |  4- 6 |  7- 9 | 10-12 || total
-------------------------+-------+-------+-------+-------++-------
Melee: Unarmed           |    11 |       |     4 |    25 ||    40
       Bite              |       |       |       |     4 ||     4
 Cast: Magic Dart        |    84 |    89 |   282 |   325 ||   780
       Searing Ray       |       |     6 |    38 |    54 ||    98
       Iskenderun's Batt |       |       |     1 |    74 ||    75
       Orb of Destructio |       |       |       |    48 ||    48
Evoke: Wand              |       |       |       |     1 ||     1
  Use: Scroll            |       |       |     6 |     7 ||    13
       Potion            |       |       |       |     2 ||     2
 Stab: Paralysed         |       |       |       |     9 ||     9
Armor: Skin              |     1 |     2 |     5 |    13 ||    21
Dodge: Dodged            |    12 |    17 |    65 |   243 ||   337
Block: Other             |       |       |     4 |    53 ||    57
       Reflection        |       |       |       |     8 ||     8

Table legend: (Time is in decaauts)
 A = Elapsed time spent in this place.
 B = Non-inter-level travel time spent in this place.
 C = Inter-level travel time spent in this place.
 D = Time resting spent in this place.
 E = Time spent auto-exploring this place.
 F = Levels seen in this place.
 G = Mean time per level.
                   A        B        C        D        E       F      G
               +--------+--------+--------+--------+--------+-----+--------+
         Total |  22174 |  21743 |    431 |   4698 |  13818 |  18 | 1231.9 |
       Dungeon |  15237 |  14909 |    328 |   2655 |  10226 |  12 | 1269.8 |
          Lair |   5087 |   4984 |    103 |   1166 |   2962 |   4 | 1271.8 |
       Ossuary |   1245 |   1245 |      0 |    394 |    578 |   1 | 1245.0 |
      Ice Cave |    604 |    604 |      0 |    481 |     50 |   1 |  604.0 |
               +--------+--------+--------+--------+--------+-----+--------+

Top non-repeatable levels by time:
     D:9: 1775 daAuts
  Lair:1: 1772 daAuts
  Lair:3: 1664 daAuts
  Lair:2: 1553 daAuts
     D:8: 1511 daAuts
    D:10: 1501 daAuts
     D:5: 1500 daAuts
     D:4: 1472 daAuts
     D:6: 1426 daAuts
     D:7: 1332 daAuts
     D:3: 1298 daAuts
 Ossuary: 1245 daAuts
    D:11: 1199 daAuts
     D:1: 1014 daAuts
     D:2: 886 daAuts
